Penguins vs Canucks

Created - June 15, 2017 at 20:44

Goals
1 2 3 T
Penguins 2 0 0 2
Canucks 1 4 2 7
Shots
1 2 3 T
Penguins 4 12 7 23
Canucks 4 24 10 38

1st period

1. Canucks , Maxim Lapierre 8 (Bobby Butler 5) at 1:51
2. Penguins , Sam Gagner 3 (Dion Phaneuf 4) at 6:51
3. Penguins , Sam Gagner 4 (Paul Ranger 4) at 12:51

Penalties :
Maxim Afinogenov (Van) for Holding (Minor) at 9:42

2nd period

4. Canucks , Alex Tanguay 3 (Matt Stajan 4, Martin St. Louis 2) at 1:37
5. Canucks , Martin St. Louis 1 (Alex Tanguay 6, Matt Stajan 5) at 4:44
6. Canucks , Milan Michalek 3 (Alex Goligoski 9, Mike Ribeiro 5) at 5:04 (PP)
7. Canucks , Mike Ribeiro 8 (Tom Poti 2, Alex Goligoski 10) at 19:40 (PP)

Penalties :
Nathan Horton (Pit) for Tripping (Minor) at 4:57, Dion Phaneuf (Pit) for Roughing (Minor) at 11:03, Josef Vasicek (Pit) for Hooking (Minor) at 19:17

3rd period

8. Canucks , Martin St. Louis 2 (Matt Stajan 6, Alex Goligoski 11) at 4:47
9. Canucks , Mike Ribeiro 9 (Sami Lepisto 10, Maxim Afinogenov 14) at 6:54

Penalties :
Brayden Schenn (Pit) for Tripping (Minor) at 1:07, Maxim Afinogenov (Van) for Tripping (Minor) at 1:17, Derek Joslin (Pit) for Close Hand On Puck (Minor) at 13:30, Brendon Nash (Van) for Hooking (Minor) at 17:55

Goalie Stats

Brian Elliott (Pit), 11 saves from 15 shots - (0.733), L, 10-4-0, 25:04 minutes
Josh Tordjman (Pit), 20 saves from 23 shots - (0.870), 34:56 minutes
Carey Price (Van), 21 saves from 23 shots - (0.913), W, 1-2-0, 60:00 minutes

Players Stats for Penguins

Player Name              G  A  P  +/- PIM S  H  SB GA TA FO     MP     PP MP  PK MP  
------------------------------------------------------------------------------------
Andrew Cogliano          0  0  0   1  0   1  1  3  0  1  0/1    14:48   1:38   0:41 
Bobby Ryan               0  0  0  -3  0   1  3  1  2  0  0/0    22:51   2:16   1:08 
Brayden Schenn           0  0  0   0  2   0  0  1  1  0  3/11   12:23   0:14   2:39 
Brian McGrattan          0  0  0  -1  0   2  1  0  0  0  0/0    11:17   0:04   0:00 
Derek Joslin             0  0  0  -1  2   0  1  2  0  0  0/0    15:12   0:00   1:03 
Dion Phaneuf             0  1  1   0  2   1  2  0  1  0  0/0    25:38   1:52   2:00 
Duncan Keith             0  0  0  -2  0   0  3  1  2  0  0/0    18:05   2:16   1:24 
Josef Vasicek            0  0  0  -1  2   0  1  0  1  1  2/6    11:52   0:00   1:08 
Luke Schenn              0  0  0  -2  0   1  1  0  1  0  0/0    18:49   2:16   1:35 
Max Pacioretty           0  0  0  -3  0   0  1  1  1  0  0/0    19:22   2:16   0:00 
Nathan Horton            0  0  0   1  2   4  3  0  0  0  0/0    17:16   1:48   2:42 
Nikita Alexeev           0  0  0   0  0   1  0  0  0  0  0/0     8:10   0:00   0:00 
Paul Ranger              0  1  1  -1  0   1  0  1  0  1  0/0    14:28   0:00   0:00 
Sam Gagner               2  0  2   1  0   4  2  0  1  0  6/11   14:59   1:48   0:13 
Sean Zimmerman           0  0  0   0  0   1  1  2  0  0  0/0    26:53   1:52   3:14 
Simon Gagné              0  0  0  -1  0   4  4  0  0  0  0/1    12:02   0:04   0:45 
Steve Sullivan           0  0  0   0  0   1  2  0  0  0  0/0     8:10   0:00   0:00 
Steven Stamkos           0  0  0  -3  0   1  1  1  4  2  9/27   21:13   2:16   0:00 

Players Stats for Canucks

Player Name              G  A  P  +/- PIM S  H  SB GA TA FO     MP     PP MP  PK MP  
------------------------------------------------------------------------------------
Alex Goligoski           0  3  3   2  0   5  0  0  2  0  0/0    27:08   2:43   2:13 
Alex Tanguay             1  1  2   2  0   1  0  1  0  0  0/0    12:40   0:52   0:21 
Bobby Butler             0  1  1   0  0   1  0  0  0  0  0/0    14:19   0:00   0:28 
Brendon Nash             0  0  0   1  2   0  1  0  0  2  0/0    12:04   0:00   0:00 
Doug Janik               0  0  0   1  0   0  0  0  0  0  0/0    12:29   0:00   0:00 
Jiri Hudler              0  0  0   0  0   1  3  0  0  0  0/0    14:58   0:00   1:06 
Martin St. Louis         2  1  3   3  0   8  0  1  0  1  1/1    19:39   1:44   1:17 
Matt Stajan              0  3  3   3  0   0  2  1  1  0  7/14   19:08   1:44   0:58 
Maxim Afinogenov         0  1  1   0  4   3  1  2  1  1  1/1    18:43   2:53   0:20 
Maxim Lapierre           1  0  1   0  0   3  1  2  0  0  6/7    14:17   0:20   0:00 
Mike Ribeiro             2  1  3   0  0   7  2  0  1  2  17/28  24:54   2:54   1:51 
Milan Michalek           1  0  1   0  0   6  1  0  0  1  5/5    24:39   2:54   1:52 
Nick Pryor               0  0  0   0  0   0  0  0  0  0  0/0     4:15   0:00   0:00 
Nikolai Zherdev          0  0  0   1  0   0  0  0  0  0  0/1     6:57   0:32   0:03 
Patrick Eaves            0  0  0   0  0   0  0  0  0  0  0/0     3:42   0:00   0:00 
Ryan Parent              0  0  0   0  0   0  2  2  0  2  0/0    20:23   1:55   1:55 
Sami Lepisto             0  1  1   0  0   1  1  2  0  4  0/0    20:23   1:55   1:55 
Tom Poti                 0  1  1   2  0   2  1  0  0  1  0/0    23:22   2:43   2:13 

3 Stars

1 - Martin St. Louis (Van)
2 - Mike Ribeiro (Van)
3 - Matt Stajan (Van)

Power Play

Penguins - 0 on 3 Attempt(s) - 0.00%
Canucks - 2 on 5 Attempt(s) - 40.00%

Penalty Kill

Penguins - 3 on 5 Attempt(s) - 60.00% - Score 0 goal in Penalty Kill
Canucks - 3 on 3 Attempt(s) - 100.00% - Score 0 goal in Penalty Kill

Team Stat

Penguins - Hits : 27 - Faceoff Wins : 20 - Blocked Shots : 13 - Penalty Minutes : 10
Canucks - Hits : 15 - Faceoff Wins : 37 - Blocked Shots : 11 - Penalty Minutes : 6

Official

Referees : Kozari Steve and Fraser Kerry
Linesman : Brad Lazarowich and Jay Sharrers

Game Notes

Josh Tordjman enters game at 5:04 of 2nd period
Alex Tanguay is injured at 17:58 of 2nd period (Left Forearm)

Finance

Level 1 -- Attendance: 6000 (100.00%) -- Ticket Income $516,000
Level 2 -- Attendance: 5000 (100.00%) -- Ticket Income $245,000
Level 3 -- Attendance: 2000 (100.00%) -- Ticket Income $60,000
Level 4 -- Attendance: 4000 (100.00%) -- Ticket Income $68,000
Luxury Box -- Attendance: 1000 (100.00%) -- Ticket Income $100,000
Game was played at the Budweiser Coliseum.
Total Attendance: 18000 (100.00%)
Total Ticket Income: $989,000
Other Income: $148,350
Total Income: $1,137,350

Penguins

5 vs 5 Forward 
   Center                   Left Wing                Right Wing               Time % Phy DF OF 
 1 Steven Stamkos           Max Pacioretty           Bobby Ryan               40     0   2  3  
 2 Sam Gagner               Andrew Cogliano          Nathan Horton            30     0   2  3  
 3 Josef Vasicek            Simon Gagné              Brian McGrattan          20     0   2  3  
 4 Brayden Schenn           Steve Sullivan           Nikita Alexeev           10     0   2  3  

5 vs 5 Defense 
   Defense                  Defense                                           Time % Phy DF OF 
 1 Sean Zimmerman           Dion Phaneuf                                      45     1   2  2  
 2 Duncan Keith             Luke Schenn                                       33     1   2  2  
 3 Paul Ranger              Derek Joslin                                      22     1   2  2  
 4 Luke Schenn              Paul Ranger                                       0      1   2  2  

PowerPlay Forward 
   Center                   Left Wing                Right Wing               Time % Phy DF OF 
 1 Steven Stamkos           Max Pacioretty           Bobby Ryan               60     0   1  4  
 2 Sam Gagner               Andrew Cogliano          Nathan Horton            40     0   1  4  

PowerPlay Defense
   Defense                  Defense                                           Time % Phy DF OF 
 1 Sean Zimmerman           Dion Phaneuf                                      60     0   2  3  
 2 Duncan Keith             Luke Schenn                                       40     0   2  3  

Penalty Kill 4 Players Forward 
   Center                   Wing                     Time % Phy DF OF 
 1 Brayden Schenn           Nathan Horton            60     0   4  1  
 2 Josef Vasicek            Bobby Ryan               40     0   4  1  

Penalty Kill 4 Players Defense
   Defense                  Defense                  Time % Phy DF OF 
 1 Sean Zimmerman           Dion Phaneuf             60     1   4  0  
 2 Duncan Keith             Luke Schenn              40     1   4  0  

Penalty Kill - 3 Players Forward 
   Forward                                           Time % Phy DF OF 
 1 Nathan Horton                                     60     0   4  1  
 2 Bobby Ryan                                        40     0   4  1  

Penalty Kill - 3 Players Defense
   Defense                  Defense                  Time % Phy DF OF 
 1 Sean Zimmerman           Dion Phaneuf             60     1   4  0  
 2 Duncan Keith             Luke Schenn              40     1   4  0  

4 vs 4 Forward 
   Center                   Wing                     Time % Phy DF OF 
 1 Steven Stamkos           Bobby Ryan               60     0   2  3  
 2 Sam Gagner               Nathan Horton            40     0   2  3  

4 vs 4 Defense
   Defense                  Defense                  Time % Phy DF OF 
 1 Sean Zimmerman           Dion Phaneuf             60     1   2  2  
 2 Duncan Keith             Luke Schenn              40     1   2  2  

Last Minutes Offensive
   Center                   Left Wing                Right Wing               Defense                  Defense                  
   Steven Stamkos           Max Pacioretty           Bobby Ryan               Sean Zimmerman           Dion Phaneuf             

Last Minutes Defensive
   Center                   Left Wing                Right Wing               Defense                  Defense                  
   Brayden Schenn           Andrew Cogliano          Nathan Horton            Sean Zimmerman           Dion Phaneuf             

Goaltenders
Starting : Brian Elliott            
Backup : Josh Tordjman            

Extra Forwards
Normal : Steven Stamkos, Sam Gagner, Josef Vasicek - PP : Steven Stamkos, Sam Gagner - PK : Simon Gagné
Extra Defensemen
Normal : Sean Zimmerman, Duncan Keith, Paul Ranger - PP : Paul Ranger - PK : Sean Zimmerman, Luke Schenn
Penalty Shots
Max Pacioretty, Bobby Ryan, Nathan Horton, Steven Stamkos, Andrew Cogliano

Scratches
Cory Sarich (Healthy), Oleg Kvasha (Healthy)

Canucks

5 vs 5 Forward 
   Center                   Left Wing                Right Wing               Time % Phy DF OF 
 1 Mike Ribeiro             Milan Michalek           Maxim Afinogenov         40     1   2  2  
 2 Matt Stajan              Alex Tanguay             Martin St. Louis         30     1   2  2  
 3 Maxim Lapierre           Bobby Butler             Jiri Hudler              20     1   2  2  
 4 Mike Ribeiro             Milan Michalek           Patrick Eaves            10     1   2  2  

5 vs 5 Defense 
   Defense                  Defense                                           Time % Phy DF OF 
 1 Alex Goligoski           Tom Poti                                          40     1   2  2  
 2 Ryan Parent              Sami Lepisto                                      30     1   2  2  
 3 Brendon Nash             Doug Janik                                        20     1   2  2  
 4 Nick Pryor               Alex Goligoski                                    10     1   2  2  

PowerPlay Forward 
   Center                   Left Wing                Right Wing               Time % Phy DF OF 
 1 Mike Ribeiro             Milan Michalek           Maxim Afinogenov         60     1   2  2  
 2 Matt Stajan              Alex Tanguay             Martin St. Louis         40     1   2  2  

PowerPlay Defense
   Defense                  Defense                                           Time % Phy DF OF 
 1 Alex Goligoski           Tom Poti                                          60     1   2  2  
 2 Ryan Parent              Sami Lepisto                                      40     1   2  2  

Penalty Kill 4 Players Forward 
   Center                   Wing                     Time % Phy DF OF 
 1 Mike Ribeiro             Milan Michalek           60     1   2  2  
 2 Maxim Afinogenov         Martin St. Louis         40     1   2  2  

Penalty Kill 4 Players Defense
   Defense                  Defense                  Time % Phy DF OF 
 1 Alex Goligoski           Tom Poti                 60     1   2  2  
 2 Ryan Parent              Sami Lepisto             40     1   2  2  

Penalty Kill - 3 Players Forward 
   Forward                                           Time % Phy DF OF 
 1 Mike Ribeiro                                      60     1   2  2  
 2 Milan Michalek                                    40     1   2  2  

Penalty Kill - 3 Players Defense
   Defense                  Defense                  Time % Phy DF OF 
 1 Alex Goligoski           Tom Poti                 60     1   2  2  
 2 Ryan Parent              Sami Lepisto             40     1   2  2  

4 vs 4 Forward 
   Center                   Wing                     Time % Phy DF OF 
 1 Mike Ribeiro             Milan Michalek           60     1   2  2  
 2 Maxim Afinogenov         Martin St. Louis         40     1   2  2  

4 vs 4 Defense
   Defense                  Defense                  Time % Phy DF OF 
 1 Alex Goligoski           Tom Poti                 60     1   2  2  
 2 Ryan Parent              Sami Lepisto             40     1   2  2  

Last Minutes Offensive
   Center                   Left Wing                Right Wing               Defense                  Defense                  
   Mike Ribeiro             Milan Michalek           Maxim Afinogenov         Alex Goligoski           Tom Poti                 

Last Minutes Defensive
   Center                   Left Wing                Right Wing               Defense                  Defense                  
   Mike Ribeiro             Milan Michalek           Maxim Afinogenov         Alex Goligoski           Tom Poti                 

Goaltenders
Starting : Carey Price              
Backup : Brent Krahn              

Extra Forwards
Normal : Nikolai Zherdev, Maxim Lapierre, Jiri Hudler - PP : Nikolai Zherdev, Maxim Lapierre - PK : Jiri Hudler
Extra Defensemen
Normal : Brendon Nash, Doug Janik, Nick Pryor - PP : Brendon Nash - PK : Doug Janik, Nick Pryor
Penalty Shots
Mike Ribeiro, Milan Michalek, Maxim Afinogenov, Martin St. Louis, Matt Stajan

Scratches
Alex Tanguay (Left Forearm Injury), Ben Lovejoy (Healthy), Clarke MacArthur (Separated Left Shoulder Injury)

% Time on Ice - Penguins

Lines # - Real PCT - Wanted PCT - Time Play
Normal Forward
1 - 36% - 40% - 17:49
2 - 26% - 30% - 12:56
3 - 21% - 20% - 10:30
4 - 17% - 10% - 8:10
Normal Defense
1 - 41% - 45% - 20:04
2 - 29% - 33% - 14:19
3 - 29% - 22% - 14:29
4 - 1% - 0% - 0:33
PP Forward
1 - 56% - 60% - 2:20
2 - 44% - 40% - 1:48
PP Defense
1 - 45% - 60% - 1:52
2 - 55% - 40% - 2:16
PK Forward
1 - 76% - 60% - 3:30
2 - 24% - 40% - 1:08
PK Defense
1 - 86% - 60% - 3:59
2 - 14% - 40% - 0:39
PK3 Forward
1 - 0% - 60%
2 - 0% - 40%
PK3 Defense
1 - 0% - 60%
2 - 0% - 40%
44 Forward
1 - 94% - 60% - 1:43
2 - 6% - 40% - 0:06
44 Defense
1 - 94% - 60% - 1:43
2 - 6% - 40% - 0:06
Last Minute Offensive  - 0:00
Last Minute Defensive  - 0:00
Total
Forward - 60:00
Defense - 60:00

% Time on Ice - Canucks

Lines # - Real PCT - Wanted PCT - Time Play
Normal Forward
1 - 31% - 40% - 15:20
2 - 33% - 30% - 16:32
3 - 28% - 20% - 13:51
4 - 7% - 10% - 3:42
Normal Defense
1 - 34% - 40% - 16:43
2 - 33% - 30% - 16:27
3 - 24% - 20% - 12:00
4 - 9% - 10% - 4:15
PP Forward
1 - 63% - 60% - 2:54
2 - 37% - 40% - 1:44
PP Defense
1 - 59% - 60% - 2:43
2 - 41% - 40% - 1:55
PK Forward
1 - 69% - 60% - 2:51
2 - 31% - 40% - 1:17
PK Defense
1 - 54% - 60% - 2:13
2 - 46% - 40% - 1:55
PK3 Forward
1 - 0% - 60%
2 - 0% - 40%
PK3 Defense
1 - 0% - 60%
2 - 0% - 40%
44 Forward
1 - 94% - 60% - 1:43
2 - 6% - 40% - 0:06
44 Defense
1 - 94% - 60% - 1:43
2 - 6% - 40% - 0:06
Last Minute Offensive  - 0:00
Last Minute Defensive  - 0:00
Total
Forward - 60:00
Defense - 60:00

Play by Play

1st period


0:01 of 1st period - Mike Ribeiro wins face-off versus Steven Stamkos in neutral zone.
0:36 of 1st period - Snap shot by Martin St. Louis.
0:36 of 1st period - Deflect By Dion Phaneuf.
0:36 of 1st period - Stopped by Brian Elliott with a rebound.
0:50 of 1st period - Wrist shot by Maxim Lapierre.
0:50 of 1st period - Shot Misses the Net.
1:12 of 1st period - Snap shot by Dion Phaneuf.
1:12 of 1st period - Stopped by Carey Price with a rebound.
1:51 of 1st period - Snap shot by Maxim Lapierre.
1:51 of 1st period - Goal by Maxim Lapierre - Penguins : 0 - Canucks : 1.
1:52 of 1st period - Mike Ribeiro wins face-off versus Josef Vasicek in neutral zone.
2:28 of 1st period - Slapshot by Sam Gagner.
2:28 of 1st period - Shot Misses the Net.
2:38 of 1st period - Maxim Lapierre is hit by Luke Schenn and loses puck.
3:05 of 1st period - Snap shot by Nikita Alexeev.
3:05 of 1st period - Shot Misses the Net.
4:43 of 1st period - Backhand shot by Andrew Cogliano.
4:43 of 1st period - Deflect By Brendon Nash.
4:43 of 1st period - Shot Blocked by Maxim Afinogenov.
4:43 of 1st period - Puck is out of play.
4:44 of 1st period - Sam Gagner wins face-off versus Maxim Lapierre in Canucks zone.
4:50 of 1st period - Icing by Nick Pryor.
4:51 of 1st period - Maxim Lapierre wins face-off versus Steven Stamkos in Canucks zone.
5:05 of 1st period - Snap shot by Maxim Lapierre.
5:05 of 1st period - Stopped by Brian Elliott with a rebound.
5:18 of 1st period - Off-side.
5:19 of 1st period - Maxim Afinogenov wins face-off versus Sam Gagner in neutral zone.
6:05 of 1st period - Snap shot by Milan Michalek.
6:05 of 1st period - Shot Blocked by Andrew Cogliano.
6:09 of 1st period - Snap shot by Maxim Afinogenov.
6:09 of 1st period - Shot Misses the Net.
6:25 of 1st period - Nathan Horton is hit by Milan Michalek.
6:45 of 1st period - Wrist shot by Maxim Afinogenov.
6:45 of 1st period - Stopped by Brian Elliott with a rebound.
6:51 of 1st period - Snap shot by Sam Gagner.
6:51 of 1st period - Goal by Sam Gagner - Penguins : 1 - Canucks : 1.
6:52 of 1st period - Matt Stajan wins face-off versus Steven Stamkos in neutral zone.
7:07 of 1st period - Snap shot by Martin St. Louis.
7:07 of 1st period - Shot Blocked by Duncan Keith.
7:17 of 1st period - Maxim Lapierre is hit by Josef Vasicek and loses puck.
7:26 of 1st period - Snap shot by Simon Gagné.
7:26 of 1st period - Shot Blocked by Ryan Parent.
8:15 of 1st period - Wrist shot by Simon Gagné.
8:15 of 1st period - Stopped by Carey Price with a rebound.
8:41 of 1st period - Sean Zimmerman is hit by Mike Ribeiro and loses puck.
9:42 of 1st period - Minor Penalty to Maxim Afinogenov for Holding.
9:43 of 1st period - Milan Michalek wins face-off versus Steven Stamkos in Canucks zone.
9:43 of 1st period - Milan Michalek is hit by Dion Phaneuf.
11:28 of 1st period - Nathan Horton is hit by Matt Stajan and loses puck.
11:41 of 1st period - Tom Poti is hit by Simon Gagné and loses puck.
11:42 of 1st period - Penalty to Maxim Afinogenov is over, Maxim Afinogenov is back on ice.
11:46 of 1st period - Slapshot by Brian McGrattan.
11:46 of 1st period - Deflect By Simon Gagné.
11:46 of 1st period - Shot Misses the Net.
11:46 of 1st period - Puck is out of play.
11:47 of 1st period - Maxim Lapierre wins face-off versus Brayden Schenn in Canucks zone.
11:54 of 1st period - Wrist shot by Bobby Butler.
11:54 of 1st period - Shot Misses the Net.
12:34 of 1st period - Paul Ranger is hit by Sami Lepisto and loses puck.
12:51 of 1st period - Snap shot by Sam Gagner.
12:51 of 1st period - Goal by Sam Gagner - Penguins : 2 - Canucks : 1.
12:52 of 1st period - Mike Ribeiro wins face-off versus Steven Stamkos in neutral zone.
13:41 of 1st period - Slapshot by Sam Gagner.
13:41 of 1st period - Shot Blocked by Maxim Lapierre.
14:33 of 1st period - Brian McGrattan is hit by Mike Ribeiro and loses puck.
14:42 of 1st period - Maxim Afinogenov is hit by Simon Gagné and loses puck.
15:15 of 1st period - Duncan Keith is hit by Matt Stajan and loses puck.
15:20 of 1st period - Snap shot by Martin St. Louis.
15:20 of 1st period - Shot Misses the Net.
15:46 of 1st period - Wrist shot by Bobby Ryan.
15:46 of 1st period - Shot Blocked by Sami Lepisto.
16:08 of 1st period - Snap shot by Jiri Hudler.
16:08 of 1st period - Shot Misses the Net.
17:08 of 1st period - Martin St. Louis is hit by Nathan Horton and loses puck.
17:40 of 1st period - Patrick Eaves is hit by Andrew Cogliano.
17:52 of 1st period - Maxim Lapierre is hit by Steven Stamkos and loses puck.
18:03 of 1st period - Wrist shot by Maxim Lapierre.
18:03 of 1st period - Shot Misses the Net.
18:39 of 1st period - Mike Ribeiro is hit by Derek Joslin and loses puck.
19:08 of 1st period - Alex Goligoski is hit by Brian McGrattan and loses puck.
19:21 of 1st period - Maxim Afinogenov is hit by Steve Sullivan and loses puck.
Goals for this period are 2 for Penguins vs 1 for Canucks.
Shots for this period are 4 for Penguins vs 4 for Canucks.

2nd period


0:01 of 2nd period - Mike Ribeiro wins face-off versus Steven Stamkos in neutral zone.
0:06 of 2nd period - Slapshot by Maxim Afinogenov.
0:06 of 2nd period - Stopped by Brian Elliott without a rebound.
0:07 of 2nd period - Steven Stamkos wins face-off versus Mike Ribeiro in Penguins zone.
0:20 of 2nd period - Wrist shot by Maxim Afinogenov.
0:20 of 2nd period - Shot Blocked by Sean Zimmerman.
0:22 of 2nd period - Wrist shot by Alex Goligoski.
0:22 of 2nd period - Stopped by Brian Elliott without a rebound.
0:23 of 2nd period - Matt Stajan wins face-off versus Andrew Cogliano in Penguins zone.
1:06 of 2nd period - Icing by Steven Stamkos.
1:07 of 2nd period - Maxim Lapierre wins face-off versus Steven Stamkos in Penguins zone.
1:08 of 2nd period - Wrist shot by Jiri Hudler.
1:08 of 2nd period - Shot Blocked by Bobby Ryan.
1:12 of 2nd period - Slapshot by Martin St. Louis.
1:12 of 2nd period - Stopped by Brian Elliott without a rebound.
1:13 of 2nd period - Matt Stajan wins face-off versus Steven Stamkos in Penguins zone.
1:14 of 2nd period - Snap shot by Martin St. Louis.
1:14 of 2nd period - Stopped by Brian Elliott without a rebound.
1:15 of 2nd period - Steven Stamkos wins face-off versus Matt Stajan in Penguins zone.
1:15 of 2nd period - Steven Stamkos is hit by Tom Poti.
1:29 of 2nd period - Wrist shot by Martin St. Louis.
1:29 of 2nd period - Shot Misses the Net.
1:37 of 2nd period - Snap shot by Alex Tanguay.
1:37 of 2nd period - Goal by Alex Tanguay - Penguins : 2 - Canucks : 2.
1:38 of 2nd period - Steven Stamkos wins face-off versus Mike Ribeiro in neutral zone.
1:52 of 2nd period - Maxim Afinogenov is hit by Max Pacioretty and loses puck.
2:09 of 2nd period - Wrist shot by Simon Gagné.
2:09 of 2nd period - Stopped by Carey Price with a rebound.
2:56 of 2nd period - Slapshot by Alex Goligoski.
2:56 of 2nd period - Stopped by Brian Elliott without a rebound.
2:57 of 2nd period - Matt Stajan wins face-off versus Steven Stamkos in Penguins zone.
4:00 of 2nd period - Snap shot by Martin St. Louis.
4:00 of 2nd period - Stopped by Brian Elliott with a rebound.
4:42 of 2nd period - Wrist shot by Martin St. Louis.
4:42 of 2nd period - Shot Blocked by Derek Joslin.
4:44 of 2nd period - Wrist shot by Martin St. Louis.
4:44 of 2nd period - Goal by Martin St. Louis - Penguins : 2 - Canucks : 3.
4:45 of 2nd period - Milan Michalek wins face-off versus Sam Gagner in neutral zone.
4:48 of 2nd period - Snap shot by Tom Poti.
4:48 of 2nd period - Shot Blocked by Andrew Cogliano.
4:50 of 2nd period - Snap shot by Maxim Afinogenov.
4:50 of 2nd period - Shot Misses the Net.
4:52 of 2nd period - Wrist shot by Milan Michalek.
4:52 of 2nd period - Stopped by Brian Elliott with a rebound.
4:57 of 2nd period - Minor Penalty to Nathan Horton for Tripping.
4:58 of 2nd period - Mike Ribeiro wins face-off versus Brayden Schenn in Penguins zone.
5:00 of 2nd period - Wrist shot by Mike Ribeiro.
5:00 of 2nd period - Stopped by Brian Elliott without a rebound.
5:01 of 2nd period - Mike Ribeiro wins face-off versus Brayden Schenn in Penguins zone.
5:02 of 2nd period - Slapshot by Alex Goligoski.
5:02 of 2nd period - Shot Blocked by Brayden Schenn.
5:04 of 2nd period - Wrist shot by Milan Michalek.
5:04 of 2nd period - Goal by Milan Michalek - Penguins : 2 - Canucks : 4.
5:04 of 2nd period - Josh Tordjman enters game.
5:05 of 2nd period - Milan Michalek wins face-off versus Sam Gagner in neutral zone.
5:37 of 2nd period - Backhand shot by Luke Schenn.
5:37 of 2nd period - Stopped by Carey Price without a rebound.
5:38 of 2nd period - Matt Stajan wins face-off versus Josef Vasicek in Canucks zone.
6:05 of 2nd period - Luke Schenn is hit by Ryan Parent and loses puck.
6:10 of 2nd period - Wrist shot by Mike Ribeiro.
6:10 of 2nd period - Stopped by Josh Tordjman with a rebound.
6:29 of 2nd period - Snap shot by Bobby Ryan.
6:29 of 2nd period - Stopped by Carey Price with a rebound.
7:18 of 2nd period - Off-side.
7:19 of 2nd period - Maxim Lapierre wins face-off versus Steven Stamkos in neutral zone.
8:48 of 2nd period - Alex Goligoski is hit by Sam Gagner and loses puck.
9:20 of 2nd period - Icing by Tom Poti.
9:21 of 2nd period - Maxim Lapierre wins face-off versus Steven Stamkos in Canucks zone.
9:28 of 2nd period - Slapshot by Alex Goligoski.
9:28 of 2nd period - Shot Blocked by Max Pacioretty.
9:53 of 2nd period - Snap shot by Milan Michalek.
9:53 of 2nd period - Shot Blocked by Andrew Cogliano.
10:39 of 2nd period - Snap shot by Simon Gagné.
10:39 of 2nd period - Stopped by Carey Price with a rebound.
11:03 of 2nd period - Minor Penalty to Dion Phaneuf for Roughing.
11:04 of 2nd period - Milan Michalek wins face-off versus Brayden Schenn in Penguins zone.
12:43 of 2nd period - Mike Ribeiro is hit by Simon Gagné and loses puck.
13:03 of 2nd period - Penalty to Dion Phaneuf is over, Dion Phaneuf is back on ice.
13:13 of 2nd period - Slapshot by Jiri Hudler.
13:13 of 2nd period - Stopped by Josh Tordjman without a rebound.
13:14 of 2nd period - Maxim Lapierre wins face-off versus Steven Stamkos in Penguins zone.
13:46 of 2nd period - Slapshot by Tom Poti.
13:46 of 2nd period - Stopped by Josh Tordjman without a rebound.
13:47 of 2nd period - Matt Stajan wins face-off versus Josef Vasicek in Penguins zone.
13:48 of 2nd period - Snap shot by Martin St. Louis.
13:48 of 2nd period - Stopped by Josh Tordjman without a rebound.
13:49 of 2nd period - Josef Vasicek wins face-off versus Matt Stajan in Penguins zone.
14:24 of 2nd period - Slapshot by Alex Goligoski.
14:24 of 2nd period - Stopped by Josh Tordjman with a rebound.
14:34 of 2nd period - Wrist shot by Martin St. Louis.
14:34 of 2nd period - Stopped by Josh Tordjman without a rebound.
14:35 of 2nd period - Mike Ribeiro wins face-off versus Sam Gagner in Penguins zone.
14:42 of 2nd period - Wrist shot by Mike Ribeiro.
14:42 of 2nd period - Shot Misses the Net.
14:44 of 2nd period - Slapshot by Ryan Parent.
14:44 of 2nd period - Shot Blocked by Sean Zimmerman.
14:48 of 2nd period - Snap shot by Mike Ribeiro.
14:48 of 2nd period - Stopped by Josh Tordjman with a rebound.
14:50 of 2nd period - Wrist shot by Milan Michalek.
14:50 of 2nd period - Stopped by Josh Tordjman with a rebound.
14:52 of 2nd period - Wrist shot by Mike Ribeiro.
14:52 of 2nd period - Stopped by Josh Tordjman with a rebound.
15:11 of 2nd period - Slapshot by Steven Stamkos.
15:11 of 2nd period - Shot Misses the Net.
15:17 of 2nd period - Bobby Ryan is hit by Ryan Parent and loses puck.
15:28 of 2nd period - Tom Poti is hit by Steve Sullivan and loses puck.
16:15 of 2nd period - Backhand shot by Paul Ranger.
16:15 of 2nd period - Deflect By Martin St. Louis.
16:15 of 2nd period - Stopped by Carey Price with a rebound.
16:37 of 2nd period - Alex Goligoski is hit by Simon Gagné and loses puck.
17:26 of 2nd period - Alex Tanguay is hit by Sam Gagner.
17:44 of 2nd period - Slapshot by Nikita Alexeev.
17:44 of 2nd period - Stopped by Carey Price with a rebound.
17:46 of 2nd period - Snap shot by Brayden Schenn.
17:46 of 2nd period - Shot Misses the Net.
17:48 of 2nd period - Slapshot by Sean Zimmerman.
17:48 of 2nd period - Shot Misses the Net.
17:50 of 2nd period - Wrist shot by Brayden Schenn.
17:50 of 2nd period - Shot Misses the Net.
17:52 of 2nd period - Slapshot by Sean Zimmerman.
17:52 of 2nd period - Deflect By Ryan Parent.
17:52 of 2nd period - Stopped by Carey Price without a rebound.
17:53 of 2nd period - Sam Gagner wins face-off versus Matt Stajan in Canucks zone.
17:54 of 2nd period - Wrist shot by Andrew Cogliano.
17:54 of 2nd period - Stopped by Carey Price without a rebound.
17:55 of 2nd period - Sam Gagner wins face-off versus Matt Stajan in Canucks zone.
17:58 of 2nd period - Wrist shot by Andrew Cogliano.
17:58 of 2nd period - Shot Blocked by Alex Tanguay.
17:58 of 2nd period - Alex Tanguay from Canucks is injured at 17:58 of 2nd period (Left Forearm).
17:59 of 2nd period - Mike Ribeiro wins face-off versus Sam Gagner in Canucks zone.
18:06 of 2nd period - Snap shot by Sam Gagner.
18:06 of 2nd period - Stopped by Carey Price without a rebound.
18:07 of 2nd period - Sam Gagner wins face-off versus Mike Ribeiro in Canucks zone.
18:16 of 2nd period - Snap shot by Nathan Horton.
18:16 of 2nd period - Stopped by Carey Price without a rebound.
18:17 of 2nd period - Steven Stamkos wins face-off versus Mike Ribeiro in Canucks zone.
18:50 of 2nd period - Slapshot by Sean Zimmerman.
18:50 of 2nd period - Shot Blocked by Matt Stajan.
18:52 of 2nd period - Wrist shot by Nathan Horton.
18:52 of 2nd period - Shot Blocked by Ryan Parent.
18:54 of 2nd period - Snap shot by Sam Gagner.
18:54 of 2nd period - Stopped by Carey Price with a rebound.
19:08 of 2nd period - Snap shot by Jiri Hudler.
19:08 of 2nd period - Deflect By Bobby Butler.
19:08 of 2nd period - Stopped by Josh Tordjman with a rebound.
19:10 of 2nd period - Snap shot by Doug Janik.
19:10 of 2nd period - Shot Misses the Net.
19:17 of 2nd period - Minor Penalty to Josef Vasicek for Hooking.
19:18 of 2nd period - Mike Ribeiro wins face-off versus Brayden Schenn in Penguins zone.
19:22 of 2nd period - Snap shot by Mike Ribeiro.
19:22 of 2nd period - Stopped by Josh Tordjman with a rebound.
19:32 of 2nd period - Wrist shot by Nathan Horton.
19:32 of 2nd period - Stopped by Carey Price without a rebound.
19:33 of 2nd period - Mike Ribeiro wins face-off versus Brayden Schenn in Canucks zone.
19:38 of 2nd period - Slapshot by Tom Poti.
19:38 of 2nd period - Stopped by Josh Tordjman with a rebound.
19:40 of 2nd period - Wrist shot by Mike Ribeiro.
19:40 of 2nd period - Goal by Mike Ribeiro - Penguins : 2 - Canucks : 5.
19:41 of 2nd period - Steven Stamkos wins face-off versus Mike Ribeiro in neutral zone.
Goals for this period are 0 for Penguins vs 4 for Canucks.
Shots for this period are 12 for Penguins vs 24 for Canucks.

3rd period


0:01 of 3rd period - Mike Ribeiro wins face-off versus Steven Stamkos in neutral zone.
0:04 of 3rd period - Slapshot by Alex Goligoski.
0:04 of 3rd period - Deflect By Sean Zimmerman.
0:04 of 3rd period - Stopped by Josh Tordjman with a rebound.
0:06 of 3rd period - Wrist shot by Milan Michalek.
0:06 of 3rd period - Stopped by Josh Tordjman with a rebound.
1:04 of 3rd period - Off-side.
1:05 of 3rd period - Brayden Schenn wins face-off versus Mike Ribeiro in neutral zone.
1:07 of 3rd period - Minor Penalty to Brayden Schenn for Tripping.
1:08 of 3rd period - Milan Michalek wins face-off versus Simon Gagné in Penguins zone.
1:17 of 3rd period - Minor Penalty to Maxim Afinogenov for Tripping.
1:18 of 3rd period - Steven Stamkos wins face-off versus Mike Ribeiro in Canucks zone.
1:18 of 3rd period - Snap shot by Bobby Ryan.
1:18 of 3rd period - Shot Misses the Net.
1:26 of 3rd period - Wrist shot by Milan Michalek.
1:26 of 3rd period - Stopped by Josh Tordjman without a rebound.
1:27 of 3rd period - Steven Stamkos wins face-off versus Mike Ribeiro in Penguins zone.
1:42 of 3rd period - Mike Ribeiro is hit by Bobby Ryan and loses puck.
2:34 of 3rd period - Slapshot by Alex Goligoski.
2:34 of 3rd period - Deflect By Bobby Ryan.
2:34 of 3rd period - Stopped by Josh Tordjman with a rebound.
2:36 of 3rd period - Snap shot by Mike Ribeiro.
2:36 of 3rd period - Shot Blocked by Steven Stamkos.
3:00 of 3rd period - Snap shot by Steven Stamkos.
3:00 of 3rd period - Stopped by Carey Price without a rebound.
3:01 of 3rd period - Sam Gagner wins face-off versus Nikolai Zherdev in Canucks zone.
3:04 of 3rd period - Slapshot by Sam Gagner.
3:04 of 3rd period - Shot Blocked by Martin St. Louis.
3:07 of 3rd period - Penalty to Brayden Schenn is over, Brayden Schenn is back on ice.
3:17 of 3rd period - Penalty to Maxim Afinogenov is over, Maxim Afinogenov is back on ice.
3:34 of 3rd period - Sam Gagner is hit by Jiri Hudler and loses puck.
3:54 of 3rd period - Snap shot by Nathan Horton.
3:54 of 3rd period - Stopped by Carey Price without a rebound.
3:55 of 3rd period - Matt Stajan wins face-off versus Josef Vasicek in Canucks zone.
4:22 of 3rd period - Brayden Schenn is hit by Jiri Hudler and loses puck.
4:34 of 3rd period - Icing by Derek Joslin.
4:35 of 3rd period - Brayden Schenn wins face-off versus Matt Stajan in Penguins zone.
4:45 of 3rd period - Wrist shot by Martin St. Louis.
4:45 of 3rd period - Shot Blocked by Paul Ranger.
4:47 of 3rd period - Slapshot by Martin St. Louis.
4:47 of 3rd period - Goal by Martin St. Louis - Penguins : 2 - Canucks : 6.
4:48 of 3rd period - Mike Ribeiro wins face-off versus Steven Stamkos in neutral zone.
5:37 of 3rd period - Simon Gagné is hit by Jiri Hudler and loses puck.
5:44 of 3rd period - Wrist shot by Luke Schenn.
5:44 of 3rd period - Deflect By Brian McGrattan.
5:44 of 3rd period - Stopped by Carey Price without a rebound.
5:45 of 3rd period - Steven Stamkos wins face-off versus Mike Ribeiro in Canucks zone.
6:38 of 3rd period - Snap shot by Simon Gagné.
6:38 of 3rd period - Shot Misses the Net.
6:40 of 3rd period - Wrist shot by Simon Gagné.
6:40 of 3rd period - Shot Blocked by Maxim Lapierre.
6:42 of 3rd period - Backhand shot by Derek Joslin.
6:42 of 3rd period - Shot Blocked by Sami Lepisto.
6:44 of 3rd period - Snap shot by Brian McGrattan.
6:44 of 3rd period - Stopped by Carey Price without a rebound.
6:45 of 3rd period - Mike Ribeiro wins face-off versus Steven Stamkos in Canucks zone.
6:52 of 3rd period - Wrist shot by Maxim Afinogenov.
6:52 of 3rd period - Stopped by Josh Tordjman with a rebound.
6:54 of 3rd period - Slapshot by Sami Lepisto.
6:54 of 3rd period - Deflect By Mike Ribeiro.
6:54 of 3rd period - Goal by Mike Ribeiro - Penguins : 2 - Canucks : 7.
6:55 of 3rd period - Steven Stamkos wins face-off versus Mike Ribeiro in neutral zone.
6:58 of 3rd period - Tom Poti is hit by Bobby Ryan and loses puck.
7:55 of 3rd period - Snap shot by Maxim Lapierre.
7:55 of 3rd period - Stopped by Josh Tordjman with a rebound.
8:05 of 3rd period - Milan Michalek is hit by Duncan Keith and loses puck.
8:48 of 3rd period - Slapshot by Sami Lepisto.
8:48 of 3rd period - Stopped by Josh Tordjman with a rebound.
9:59 of 3rd period - Martin St. Louis is hit by Bobby Ryan.
10:16 of 3rd period - Maxim Lapierre is hit by Nathan Horton and loses puck.
10:21 of 3rd period - Slapshot by Nathan Horton.
10:21 of 3rd period - Stopped by Carey Price with a rebound.
10:33 of 3rd period - Mike Ribeiro is hit by Duncan Keith and loses puck.
10:44 of 3rd period - Slapshot by Steve Sullivan.
10:44 of 3rd period - Shot Misses the Net.
10:54 of 3rd period - Mike Ribeiro is hit by Sean Zimmerman.
10:55 of 3rd period - Icing by Mike Ribeiro.
10:56 of 3rd period - Mike Ribeiro wins face-off versus Steven Stamkos in Canucks zone.
11:00 of 3rd period - Icing by Sami Lepisto.
11:01 of 3rd period - Mike Ribeiro wins face-off versus Steven Stamkos in Canucks zone.
11:14 of 3rd period - Wrist shot by Steven Stamkos.
11:14 of 3rd period - Shot Blocked by Maxim Afinogenov.
11:33 of 3rd period - Snap shot by Sami Lepisto.
11:33 of 3rd period - Shot Blocked by Derek Joslin.
11:53 of 3rd period - Snap shot by Mike Ribeiro.
11:53 of 3rd period - Shot Misses the Net.
11:55 of 3rd period - Slapshot by Milan Michalek.
11:55 of 3rd period - Stopped by Josh Tordjman without a rebound.
11:56 of 3rd period - Sam Gagner wins face-off versus Matt Stajan in Penguins zone.
12:21 of 3rd period - Tom Poti is hit by Dion Phaneuf and loses puck.
12:44 of 3rd period - Snap shot by Steve Sullivan.
12:44 of 3rd period - Stopped by Carey Price without a rebound.
12:45 of 3rd period - Brayden Schenn wins face-off versus Matt Stajan in Canucks zone.
13:12 of 3rd period - Max Pacioretty is hit by Maxim Lapierre.
13:30 of 3rd period - Minor Penalty to Derek Joslin for Close Hand On Puck.
13:31 of 3rd period - Mike Ribeiro wins face-off versus Brayden Schenn in Penguins zone.
14:24 of 3rd period - Icing by Matt Stajan.
14:25 of 3rd period - Martin St. Louis wins face-off versus Brayden Schenn in Canucks zone.
14:52 of 3rd period - Wrist shot by Maxim Afinogenov.
14:52 of 3rd period - Shot Misses the Net.
15:02 of 3rd period - Sean Zimmerman is hit by Maxim Afinogenov and loses puck.
15:30 of 3rd period - Penalty to Derek Joslin is over, Derek Joslin is back on ice.
16:02 of 3rd period - Snap shot by Simon Gagné.
16:02 of 3rd period - Stopped by Carey Price with a rebound.
16:18 of 3rd period - Dion Phaneuf is hit by Brendon Nash and loses puck.
16:58 of 3rd period - Milan Michalek is hit by Nathan Horton and loses puck.
17:12 of 3rd period - Icing by Luke Schenn.
17:13 of 3rd period - Josef Vasicek wins face-off versus Mike Ribeiro in Penguins zone.
17:55 of 3rd period - Minor Penalty to Brendon Nash for Hooking.
17:56 of 3rd period - Mike Ribeiro wins face-off versus Steven Stamkos in Canucks zone.
18:04 of 3rd period - Tom Poti is hit by Duncan Keith and loses puck.
18:38 of 3rd period - Slapshot by Andrew Cogliano.
18:38 of 3rd period - Shot Misses the Net.
19:55 of 3rd period - Penalty to Brendon Nash is over, Brendon Nash is back on ice.
Goals for this period are 0 for Penguins vs 2 for Canucks.
Shots for this period are 7 for Penguins vs 10 for Canucks.